 Dungeon Crawl Stone Soup version 0.28.0 (webtiles) character file.

Game seed: 16760574269713560690

2900 BorgnjorsVileCrotch the Grappler (level 9, -12/80 HPs)
             Began as a Troll Fighter on Feb 8, 2022.
             Was an Initiate of Ashenzari.
             Killed from afar by Fannar (39 damage)
             ... with a bolt of cold
             ... on level 10 of the Dungeon.
             The game lasted 00:08:02 (1502 turns).

BorgnjorsVileCrotch the Grappler (Troll Fighter)    Turns: 1502, Time: 00:08:03

Health: -12/80     AC: 10    Str: 36    XL:     9   Next: 49%
Magic:  17/17      EV:  8    Int:  4    God:    Ashenzari [......]
Gold:   297        SH:  7    Dex:  9    Spells: 8/8 levels left

rFire   . . .      SeeInvis .     - Unarmed
rCold   . . .      Faith    .   b - +0 kite shield
rNeg    . . .      Spirit   .   a - +0 acid dragon scales
rPois   .          Reflect  .   (helmet restricted)
rElec   .          Harm     .   r - +1 cloak {Stlth+}
rCorr   +          Rampage  .   (gloves unavailable)
Will    .....                   (boots unavailable)
Stlth   ++........              (no amulet)
HPRegen 1.03/turn               l - ring "Repose of Ashenzari" {MP+9 Str+6, Self, Alch} (curse)
MPRegen 0.15/turn               (no ring)

@: no status effects
A: large, unfitting armour, claws 3, regeneration 1, shaggy fur 1, tough skin 1
a: Renounce Religion, Shatter the Chains


You were on level 10 of the Dungeon.
You worshipped Ashenzari.
Ashenzari was noncommittal.
You visited 1 branch of the dungeon, and saw 10 of its levels.

You collected 297 gold pieces.

Inventory:

Hand Weapons
 u - a +2 scimitar of flaming
   (You found it on level 8 of the Dungeon)
Armour
 a - +0 acid dragon scales (worn)
   (You found it on level 8 of the Dungeon)
 b - a +0 kite shield (worn)
 r - a +1 cloak of stealth (worn)
   (You took it off Maurice on level 8 of the Dungeon)
Jewellery
 i - a +6 ring of intelligence
   (You found it on level 4 of the Dungeon)
 l - the cursed ring "Repose of Ashenzari" (left claw) {MP+9 Str+6, Self, Alch}
   (You found it on level 5 of the Dungeon)

   [ring of strength]

   Str:       It affects your strength (+6).
   MP:        It affects your magic capacity (+9).
   It has a curse which improves the following skills: Introspection: Fighting
   and Spellcasting.
   Alchemy:   Poison Magic and Transmutations.
Wands
 e - a wand of polymorph (8)
   (You took it off Maurice on level 8 of the Dungeon)
 p - a wand of flame (6) {@v4}
   (You found it on level 9 of the Dungeon)
 s - a wand of digging (7) {@v3}
   (You found it on level 8 of the Dungeon)
Scrolls
 d - 2 scrolls of identify {@r1}
 f - 3 scrolls of immolation
 n - a scroll of magic mapping {@r5 !r}
 o - a scroll of vulnerability
 q - 4 scrolls of enchant weapon
Potions
 c - a potion of might {@q3 !q}
 g - 2 potions of brilliance
 h - 2 potions of curing {@q1 !q}
 j - a potion of mutation
 k - a potion of cancellation
 m - 2 potions of degeneration


   Skills:
 - Level 2.4(2.8) Fighting
 - Level 2.4 Dodging
 - Level 2.4 Shields
 + Level 13.2 Unarmed Combat


You had 8 spell levels left.
You didn't know any spells.
Your spell library contained the following spells:

 Spells                   Type           Power      Damage    Failure   Level
 Gell's Gravitas          Tloc           0%         N/A       99%         3
 Teleport Other           Tloc           0%         N/A       99%         3
 Dispersal                Tloc           0%         N/A       100%        6


Dungeon Overview and Level Annotations

Branches:
Dungeon (10/15)               Orc (0/2) D:10
 Temple: D:4-7         Lair: D:8-11

Altars:
Ashenzari
Dithmenos
Kikubaaqudgha
Vehumet

Shops:
D:10 [

Annotations:
D:4 Duvessa
D:7 1 transporter, mora's ghost, novice OpBr
D:10 Fannar


Innate Abilities, Weirdness & Mutations

You are too large for most types of armour.
You have claws for hands.
Your natural rate of healing is unusually fast.
You are covered in fur. (AC +1)
You have tough skin. (AC +1)


Message History

The centaur warrior zombie hits you but does no damage.
You block the centaur warrior zombie's attack.
You block the orc's attack.
You scratch the centaur warrior zombie but do no damage.
The centaur warrior zombie is severely damaged.
The orc hits you but does no damage. x2; You block the orc's attack.
The centaur warrior zombie hits you but does no damage.
The centaur warrior zombie kicks you.
You claw the centaur warrior zombie!
The centaur warrior zombie is almost destroyed.
You block the orc's attack. The orc barely misses you.
You block the orc's attack. The orc barely misses you.
The centaur warrior zombie hits you but does no damage.
The centaur warrior zombie completely misses you.
You completely miss the centaur warrior zombie.
The centaur warrior zombie is almost destroyed.
The centaur warrior zombie closely misses you.
You block the centaur warrior zombie's attack.
The orc closely misses you. The orc hits you but does no damage.
You block the orc's attack. The orc hits you but does no damage.
You completely miss the centaur warrior zombie.
The centaur warrior zombie is almost destroyed.
The centaur warrior zombie barely misses you.
The centaur warrior zombie kicks you but does no damage.
You block the orc's attack. The orc hits you but does no damage.
The orc hits you with a +0 hand axe. The orc completely misses you.
The centaur warrior zombie hits you but does no damage.
The centaur warrior zombie kicks you.
You claw the centaur warrior zombie!
The centaur warrior zombie is almost destroyed.
The orc barely misses you. x2; The orc hits you with a +0 hand axe.
You block the orc's attack. The centaur warrior zombie hits you.
The centaur warrior zombie kicks you.
Fannar the Cold-Hearted comes into view.
They are wielding a +0 quarterstaff of freezing and wearing a +1 robe of cold resistance.
Fannar shouts!
You scratch the two-headed ogre.
The two-headed ogre is lightly wounded.
The orc hits you with a +0 whip. The orc barely misses you. x2
The orc closely misses you. The centaur warrior zombie hits you!
You block the centaur warrior zombie's attack.
You mangle the two-headed ogre!!
The two-headed ogre is heavily wounded.
The two-headed ogre barely misses you. The two-headed ogre closely misses you.
The centaur warrior zombie closely misses you.
The centaur warrior zombie kicks you but does no damage.
The orc hits you with a +0 whip. The orc completely misses you.
The orc hits you but does no damage. You block the orc's attack.
Fannar gestures wildly while chanting.
Fannar blinks!
You mangle the two-headed ogre!!
You kill the two-headed ogre!
The centaur warrior zombie hits you but does no damage.
The centaur warrior zombie kicks you but does no damage.
The orc hits you with a +0 whip. The orc hits you but does no damage. x2
You block the orc's attack.
Your Unarmed Combat skill increases to level 12!
You mangle the centaur warrior zombie!!
You destroy the centaur warrior zombie!
The orc hits you but does no damage. x2; The orc hits you with a +0 hand axe.
You block the orc's attack.
Your Unarmed Combat skill increases to level 13!
Found 32 gold pieces.
Found Nyninef's Armour Emporium.
You block the orc's attack. The orc hits you with a +0 club.
The orc hits you but does no damage. x2
Things that are here:
a +0 shortbow; 20 arrows You mangle the orc!!
You kill the orc!
You block the orc's attack. The orc hits you but does no damage.
The orc barely misses you.
You claw the orc!
You kill the orc!
The orc hits you but does no damage. The orc closely misses you.
The orc barely misses you. The orc closely misses you.
Fannar casts a spell.
Fannar drains the heat from the surrounding environment!
The orcs are frozen.
The orc dies! x2
Okay, then.
Fannar gestures wildly while chanting.
Fannar drains the heat from the surrounding environment!
* * * LOW HITPOINT WARNING * * *
Really quaff
t - a potion of heal wounds {@q2 !q}?
You feel much better.
You claw Fannar!
Fannar is lightly wounded.
Fannar hits you with a +0 quarterstaff of freezing.
Fannar freezes you.
You claw Fannar!
Fannar is moderately wounded.
Fannar hits you with a +0 quarterstaff of freezing!
Fannar freezes you.
Okay, then.
Unknown command.
You mangle Fannar!!
Fannar is heavily wounded.
Fannar casts a spell at you. The bolt of cold hits you!!!
You die...

..≈≈≈..## #.....
...≈....###.........
.........#......###.
................###.
...........(....###.
....................
....................
............e.......
............@.......
....................
..........†)..(.###.
..........).)...###.
.........#)))...###.
...≈....###.........
..≈≈≈.... ..........
..≈.... ...$$......
....$.............


You could see Fannar.

Vanquished Creatures
  A two-headed ogre (D:10)
  Maurice (D:8)
  Joseph (D:8)
  A centaur zombie (D:10)
  A warg (D:8)
  An orc warrior (D:9)
  A sky beast (D:5)
  An ice beast (D:8)
  A necrophage (D:7)
  3 centaurs
  A bullfrog (D:8)
  A wyvern skeleton (D:7)
  A water moccasin skeleton (D:4)
  3 killer bees (D:9)
  5 howler monkeys
  A hound (D:6)
  A bullfrog zombie (D:6)
  2 iguanas
  A centaur skeleton (D:6)
  2 adders (D:4)
  2 white imps (D:7)
  A dart slug (D:4)
  8 orcs
  A bat (D:2)
  A frilled lizard (D:3)
  3 kobolds
  A rat (D:3)
47 creatures vanquished.

Vanquished Creatures (others)
  2 orcs (D:10)
  6 plants (D:8)
8 creatures vanquished.

Grand Total: 55 creatures vanquished

Notes
Turn   | Place    | Note
-------+----------+-------------------------------------------
     0 | D:1      | BorgnjorsVileCrotch the Troll Fighter began the quest for
                  | the Orb.
     0 | D:1      | Reached XP level 1. HP: 22/22 MP: 0/0
   221 | D:4      | Reached skill level 4 in Unarmed Combat
   221 | D:4      | Reached XP level 2. HP: 10/29 MP: 1/1
   221 | D:4      | Reached XP level 3. HP: 12/36 MP: 2/2
   224 | D:4      | Noticed Duvessa
   342 | D:4      | Found a broken altar of Ashenzari.
   351 | D:4      | Became a worshipper of Ashenzari the Shackled
   362 | D:4      | Found a shadowy altar of Dithmenos.
   446 | D:4      | Reached XP level 4. HP: 27/44 MP: 3/3
   476 | D:5      | Entered Level 5 of the Dungeon
   476 | D:5      | Found an ancient bone altar of Kikubaaqudgha.
   521 | D:6      | Reached skill level 5 in Unarmed Combat
   530 | D:5      | Noticed a sky beast
   540 | D:5      | Killed a sky beast
   541 | D:5      | Reached skill level 6 in Unarmed Combat
   541 | D:5      | Reached XP level 5. HP: 24/50 MP: 4/4
   593 | D:5      | Identified the ring of Itomuex {MP+9 Str+6}
   619 | D:6      | Found a radiant altar of Vehumet.
   645 | D:6      | Reached XP level 6. HP: 59/59 MP: 5/5
   673 | D:7      | Reached skill level 7 in Unarmed Combat
   803 | D:8      | Noticed an ice beast
   818 | D:8      | Killed an ice beast
   819 | D:8      | Reached XP level 7. HP: 10/66 MP: 6/6
   880 | D:7      | Reached skill level 8 in Unarmed Combat
   926 | D:7      | Noticed a green ugly thing
   926 | D:7      | Noticed a vampire mosquito
   927 | D:7      | Found a transporter.
   928 | D:7      | Noticed mora's ghost (novice OpBr)
  1054 | D:9      | Reached skill level 9 in Unarmed Combat
  1114 | D:9      | Reached * piety under Ashenzari
  1142 | D:9      | Reached XP level 8. HP: 58/75 MP: 7/7
  1226 | D:8      | Noticed Joseph
  1229 | D:8      | Noticed Maurice
  1305 | D:8      | Killed Joseph
  1306 | D:8      | Reached skill level 10 in Unarmed Combat
  1342 | D:9      | Identified the cursed +0 robe of the Wild Blue Yonder
                  | {Comp, Range}
  1361 | D:8      | Killed Maurice
  1362 | D:8      | Reached skill level 11 in Unarmed Combat
  1377 | D:8      | Noticed Maggie
  1380 | D:8      | Noticed Maggie
  1380 | D:8      | Maggie changed into Maggie the warg
  1390 | D:8      | Killed Maggie the warg
  1463 | D:10     | Entered Level 10 of the Dungeon
  1473 | D:10     | Found a staircase to the Orcish Mines.
  1480 | D:10     | Reached XP level 9. HP: 70/80 MP: 8/8
  1481 | D:10     | Noticed a two-headed ogre
  1487 | D:10     | Noticed Fannar
  1490 | D:10     | Killed a two-headed ogre
  1491 | D:10     | Reached skill level 12 in Unarmed Combat
  1492 | D:10     | Reached skill level 13 in Unarmed Combat
  1492 | D:10     | Found Nyninef's Armour Emporium.
  1502 | D:10     | Killed from afar by Fannar

Illustrated notes

Levels and vault maps discovered:
D:1:      dpeg_arrival_shelter, layout_basic, serial_shops, nicolae_shop_crystal
D:2:      minmay_roachtagon, layout_basic, basic_ecumenical_altar, uniq_natasha,
          uniq_crazy_yiuf_cottage, uniq_sigmund
D:3:      layout_loops_cross
D:4:      layout_basic, nicolae_dithmenos_the_darkroom,
          cheibrodos_ashenzari_chains, kennysheep_little_box,
          minmay_temple_entry_nine_rooms, uniq_duvessa
D:5:      layout_basic, amcnicky_altar_gilded,
          mainiacjoe_overflow_cross_hatched, minmay_misc_feat_tiny,
          minmay_misc_feat_x, lightli_minifort
D:6:      nicolae_BIG_FREAKIN_CUBE, layout_loops_ring, trog_ov_bears_minmay,
          mainiacjoe_overflow_paths
D:7:      layout_rooms, kennysheep_mini, gammafunk_ghost_arena, grunt_decor_cap
D:8:      layout_loops_ring, led_sif_pool, gammafunk_ghost_gnarly_gnolls,
          hangedman_decor_riveting, uniq_prince_ribbit1, uniq_maurice,
          uniq_maggie, uniq_joseph
D:9:      layout_roguey, david_lair_shrubbed
D:10:     layout_big_octagon, mainiacjoe_overflow_catwalk,
          minmay_overflow_temple_star_quad, orc_david_3, st_stairs_14,
          uniq_fannar

Skill      XL: |  1  2  3  4  5  6  7  8  9 |
---------------+----------------------------+-----
Unarmed Combat | 4 6 7 9 11 13 | 13.2
Fighting       | |  2.4
Dodging        | |  2.4
Shields        | |  2.4

Action                   |  1- 3 |  4- 6 |  7- 9 || total
-------------------------+-------+-------+-------++-------
Melee: Unarmed           |    42 |    50 |    89 ||   181
Invok: Curse Item        |       |     1 |     1 ||     2
       Shatter the Chain |       |       |     1 ||     1
Evoke: Wand              |       |       |     2 ||     2
  Use: Potion            |       |       |     1 ||     1
Armor: Robe              |    25 |     7 |    17 ||    49
       Acid dragon scale |       |       |    43 ||    43
Dodge: Dodged            |    13 |    15 |    50 ||    78
Block: Kite shield       |    17 |    10 |    55 ||    82
